Map: Crête de Lerilak

Players

dgs

  • Race: Terran Terran
  • League: Platinum

Worming - Winner!

  • Race: Zerg Zerg
  • League: Platinum

VOD

Have the link to the VOD?

Description

Time

  • Played on: Nov. 11, 2015, 3:17 p.m.
  • Length: 12:35
Show
View Real Time Build Order
Export as new Build Order

dgs Terran 

Build Orders: Command Center First (CC), Hellion Banshee, Mech 

Get SALT Encoding   

  12  0:01  SCV  
  13  0:13  SCV  
  14  0:17  Supply Depot  
  14  0:25  SCV  
  15  0:39  SCV  
  16  0:58  Command Center  
  16  1:00  SCV  
  17  1:12  SCV  
  17  1:16  Barracks  
  18  1:24  SCV  
  19  1:37  SCV  
  20  1:44  Refinery  
  20  1:49  SCV  
  21  1:59  Refinery  
  21  2:01  SCV  
  22  2:04  Marine  
  22  2:05  Supply Depot  
  23  2:11  Orbital Command  
  24  2:16  Orbital Command  
  23  2:23  Marine  
  23  2:28  Supply Depot  
  24  2:36  SCV  
  25  2:38  Supply Depot  
  25  2:42  SCV  
  26  2:49  Barracks Reactor  
  25  2:52  Factory  
  24  3:00  SCV x2  
  27  3:12  SCV  
  27  3:13  SCV  
  28  3:25  SCV x2  
  30  3:30  Bunker  
  30  3:37  SCV x2  
  30  3:41  Starport  
  32  3:44  Barracks Tech Lab  
  32  3:47  Hellion x2  
  36  3:49  SCV x2  
  36  3:53  Factory  
  38  4:01  Supply Depot, SCV x2  
  40  4:11  Hellion x2  
  40  4:13  SCV  
  43  4:27  Supply Depot  
  42  4:41  Hellion x2  
  46  4:46  Banshee  
  46  4:49  Factory Tech Lab  
  46  4:52  SCV  
  50  4:53  SCV  
  50  4:58  Factory  
  51  5:03  Refinery x2, Hellion x2  
  51  5:04  SCV  
  51  5:05  SCV  
  57  5:09  Siege Tank  
  60  5:24  Hellion x2  
  64  5:29  SCV  
  65  5:41  Siege Tank  
  68  5:46  Hellion x2  
  69  5:50  Factory Tech Lab  
  69  5:52  SCV  
  69  5:55  SCV  
  68  6:04  SCV  
  68  6:06  Armory  
  68  6:07  Hellion x2  
  68  6:08  SCV  
  68  6:10  Hellion  
  76  6:14  Infernal Pre-Igniter  
  76  6:16  SCV  
  77  6:20  SCV  
  78  6:28  Supply Depot x2  
  78  6:38  Hellion  
  78  6:44  Hellion  
  78  6:49  Hellion  
  78  6:50  Siege Tank  
  78  6:51  Supply Depot  
  78  7:04  Hellion  
  78  7:06  Hellion  
  78  7:08  SCV  
  83  7:10  Siege Tank  
  83  7:11  SCV  
  83  7:12  Factory  
  83  7:14  Starport  
  83  7:15  Starport Reactor, Hellion x8  
  87  7:22  Siege Tank  
  90  7:26  Hellion  
  90  7:27  Hellion  
  94  7:38  Terran Vehicle Weapons Level 1  
  94  7:39  SCV x2  
  94  7:42  Siege Tank  
  99  7:47  Hellion, Command Center  
  99  7:51  SCV  
  102  7:52  SCV  
  102  7:54  Siege Tank  
  98  8:03  SCV  
  99  8:10  Hellion  
  101  8:39  Supply Depot x3  
  101  8:40  Starport Reactor  
  101  8:48  Viking, Siege Tank  
  101  8:49  Viking  
  101  8:50  Hellion  
  101  8:54  Hellion  
  102  8:59  Siege Tank  
  105  9:07  Siege Tank  
  108  9:11  Hellion  
  108  9:15  Hellion  
  112  9:18  Viking x2  
  112  9:20  Siege Tank  
  119  9:31  Siege Tank  
  119  9:33  Hellion  
  119  9:36  Hellion  
  126  9:39  Siege Tank  
  126  9:42  Orbital Command  
  129  9:46  Medivac  
  129  9:47  Medivac  
  129  9:49  SCV x2  
  135  9:52  Terran Vehicle Weapons Level 2  
  135  9:53  Hellion  
  135  9:54  Hellion  
  135  9:58  Hellion  
  135  9:59  Armory  
  141  10:12  Supply Depot x2  
  141  10:13  Supply Depot  
  141  10:33  Hellion x3, SCV x2  
  141  10:34  Hellion x2  
  150  10:41  Viking  
  150  10:42  Viking x2  
  156  10:45  Viking  
  156  10:49  Engineering Bay  
  152  10:50  Engineering Bay  
  152  10:51  Refinery  
  152  10:52  Refinery  
  152  10:55  Hellion  
  120  11:11  Viking  
  120  11:12  Viking x2  
  120  11:18  Viking  
  120  11:19  Thor  
  123  11:32  Thor  
  126  11:38  Missile Turret  
  126  11:41  Viking, Missile Turret  
  126  11:42  Viking, Missile Turret  
  126  11:45  Hellion  
  132  11:59  Hellion  
Show
View Real Time Build Order
Export as new Build Order

Worming Zerg - Winner!

Build Orders: Hatch First, Lurkers 

Get SALT Encoding   

  12  0:01  Drone  
  13  0:14  Overlord  
  13  0:17  Drone  
  14  0:32  Drone x2  
  16  0:35  Drone  
  17  0:52  Hatchery  
  17  0:56  Drone  
  17  0:59  Drone  
  18  1:12  Spawning Pool  
  18  1:15  Drone  
  18  1:19  Drone  
  19  1:39  Hatchery  
  18  1:41  Drone  
  19  1:54  Overlord  
  19  1:55  Drone  
  20  2:03  Drone  
  20  2:06  Queen  
  20  2:08  Zergling x2  
  24  2:15  Drone  
  25  2:17  Drone  
  26  2:25  Queen, Extractor  
  26  2:27  Drone  
  28  2:30  Drone  
  29  2:40  Drone  
  29  2:41  Drone  
  31  2:47  Overlord  
  31  2:52  Overlord  
  31  3:10  Roach Warren  
  31  3:11  Drone x5, Extractor  
  31  3:12  Drone  
  34  3:18  Queen  
  36  3:20  Queen  
  38  3:33  Drone x3  
  41  3:35  Drone x3  
  44  3:49  Roach x2  
  44  3:50  Roach x2  
  52  3:58  Lair  
  52  4:02  Drone x4  
  56  4:12  Zergling x4  
  56  4:14  Overlord x2  
  58  4:43  Drone x7  
  58  4:44  Drone  
  58  4:45  Drone x9  
  73  4:53  Evolution Chamber  
  73  4:55  Overlord x2  
  73  4:58  Drone x2  
  74  5:00  Hydralisk Den  
  74  5:01  Extractor  
  74  5:02  Extractor  
  74  5:04  Overlord  
  74  5:05  Overlord  
  70  5:16  Drone x2  
  70  5:19  Drone x3, Extractor  
  70  5:20  Drone x3, Extractor  
  76  5:24  Zerg Missile Weapons Level 1  
  76  5:25  Drone  
  76  5:26  Drone x2  
  76  5:27  Drone x3, Overlord  
  82  5:31  Lurker Den  
  81  5:56  Roach  
  77  5:57  Roach x13  
  77  5:58  Glial Reconstitution  
  103  6:09  Drone  
  104  6:11  Hatchery  
  104  6:12  Overlord, Hydralisk  
  104  6:13  Hydralisk x2  
  109  6:33  Hatchery  
  96  7:01  Roach, Hydralisk x3  
  96  7:02  Roach, Hydralisk  
  96  7:03  Roach x4, Hydralisk x3  
  96  7:05  Overseer  
  96  7:06  Overlord x2  
  96  7:07  Overlord  
  122  7:14  Queen  
  122  7:21  Overlord x3  
  122  7:26  Spore Crawler  
  121  7:38  Zergling x12  
  121  7:40  Lurker  
  121  7:41  Lurker  
  121  7:43  Roach x5  
  121  7:44  Zergling x8  
  140  7:48  Muscular Augments  
  139  7:59  Zerg Missile Weapons Level 2  
  139  8:01  Zergling x2  
  140  8:18  Overseer  
  136  8:34  Spire  
  136  8:37  Queen x2  
  139  8:45  Infestation Pit  
  137  8:53  Lurker x2, Extractor  
  137  8:54  Extractor  
  135  8:55  Lurker  
  135  8:56  Overlord x2, Hydralisk x2  
  135  8:57  Roach x2, Hydralisk  
  145  9:05  Metabolic Boost  
  134  9:34  Hive  
  134  9:38  Hatchery  
  133  9:40  Overlord x2  
  133  9:41  Drone x2  
  133  9:42  Drone x3  
  133  9:43  Drone, Hydralisk  
  141  9:53  Mutalisk x9  
  159  10:11  Overseer  
  159  10:20  Overseer, Extractor  
  158  10:22  Extractor  
  155  11:01  Roach x2, Hydralisk x4  
  155  11:02  Roach x2, Hydralisk  
  136  11:18  Hydralisk  
  136  11:19  Roach x4, Hydralisk x2  
  136  11:20  Roach  
  136  11:24  Lurker x2, Hydralisk x4  
  158  11:32  Drone x2  
  154  11:33  Drone  
  154  11:34  Drone x5  
  154  11:35  Drone  
  154  11:39  Hydralisk x2  
  161  11:40  Corruptor, Roach x4, Hydralisk x4  
  161  11:41  Corruptor x4, Roach x2  
  190  11:58  Hatchery  
  179  12:13  Roach  
  179  12:14  Roach x3  
  179  12:15  Roach  
  195  12:18  Lurker  
Tags
 
Add a new tag
Caveats
  • Supply blocks, unpowered buildings, or Contaminate may cause inaccurate times.
  • Supply counts are checked every 10 seconds.